 Dungeon Crawl Stone Soup version 0.30-a0-715-gdb4ae3ece1 (webtiles) character file.

Game seed: 12823864588571238282

25 browni3141 the Insei (level 2, 0/24 HPs)
             Began as a Mummy Monk on Jan 24, 2023.
             Slain by a quokka (4 damage)
             ... on level 1 of the Dungeon.
             The game lasted 00:03:54 (1362 turns).

browni3141 the Insei (Mummy Monk)                   Turns: 1362, Time: 00:03:55

Health: 0/24       AC:  0    Str: 14    XL:     2   Next: 86%
Magic:  2/2        EV: 12    Int:  9    God:
Gold:   63         SH:  0    Dex: 14    Spells: 1/1 levels left

rFire   x . .      SeeInvis .      - Unarmed
rCold   + . .      Faith    +    (no shield)
rNeg    + + +      Spirit   .    (no body armour)
rPois   ∞          Reflect  .    (no helmet)
rElec   .          Harm     .    (no cloak)
rCorr   .          Rampage  .    (no gloves)
Will    .....                    (no boots)
Stlth   ++                       (no amulet)
HPRegen 0.24/turn                (no ring)
MPRegen 0.08/turn                (no ring)

@: no status effects
A: cold resistance 1, negative energy resistance 3, torment resistance 2, heat
vulnerability 1, no potions, faith
a: no special abilities


You were on level 1 of the Dungeon.
You visited 1 branch of the dungeon, and saw 2 of its levels.

You collected 63 gold pieces.

Inventory:

Scrolls
 a - a scroll of teleportation {unknown}
 b - a scroll of identify {unknown}
 c - a scroll of amnesia {unknown}
 d - a scroll of fog {unknown}


   Skills:
 - Level 3.0 Fighting
 - Level 2.4 Dodging
 - Level 1.5 Stealth
 * Level 3.4 Unarmed Combat


You had one spell level left.
You didn't know any spells.
Your spell library contained the following spells:

 Spells                   Type           Power      Damage    Failure   Level
 Sandblast                Erth           0%         2d4       38%         1
 Passwall                 Tmut/Erth      0%         N/A       52%         2
 Stone Arrow              Conj/Erth      0%         3d7       77%         3


Dungeon Overview and Level Annotations

Branches:
Dungeon (2/15)

Altars:


Innate Abilities, Weirdness & Mutations

You are immune to poison.
Your flesh is cold resistant. (rC+)
You are immune to negative energy. (rN+++)
You are immune to unholy pain and torment.
You are vulnerable to heat. (rF-)
You do not drink.
You have a special connection with the divine. (Faith)


Message History

No target in view!
No target in view!
An endoplasm comes into view.
Found a stone staircase leading down.
The endoplasm freezes you.
You are frozen.
You resist.
You hit the endoplasm.
The endoplasm is heavily wounded.
The endoplasm hits you.
You hit the endoplasm.
The endoplasm is almost dead.
The endoplasm barely misses you.
You hit the endoplasm.
You kill the endoplasm!
You start resting.
HP restored.
Found a dagger.
There is a stone staircase leading down here.
A quokka comes into view.
A gnoll comes into view. It is wielding a +0 club.
The gnoll shouts!
You hear a shout!
A gnoll comes into view. It is wielding a +0 club.
A gnoll comes into view. It is wielding a +0 whip.
The quokka attacks as you move away! The quokka bites you.
The quokka bites you. The quokka attacks as you move away!
The quokka closely misses you. The quokka bites you.
The quokka attacks as you move away! The quokka bites you.
There is a stone staircase leading up here.
The quokka bites you.
You climb upwards.
There is a stone staircase leading down here.
You barely miss the quokka. The quokka closely misses you.
You miss the quokka. The quokka bites you.
You closely miss the quokka. The quokka misses you.
You hit the quokka but do no damage. The quokka bites you.
* * * LOW HITPOINT WARNING * * *
You hit the quokka but do no damage. The quokka barely misses you.
The quokka bites you.
You die...

#~~~...~~..~#.# #.#
#~~..~..~~.~#.# #### #.#
#~..~~~.~~.~#.# #.'###########
#~.~~.<.~~.~#.# ##.#.~~~~~~~~~#
#~.~~.~~~..~#.###..#~........~#
#~.~~..~..~~#.##...#~)♣♣♣♣♣♣.~#
#~..~~...~~~#.##..[#~.♣ ♣.~#
#~~..~~~~~~.#.##...#~.♣ ♣.~# #
##~~.......8.r@'...#~.♣ ♣.~# #
#####++###.#(##...#~.♣ ♣.~# #
#........##...#~.♣♣♣♣♣♣.~# #
##########....#~........~# #
#....#~~~~~~~~~.# #
#....###########' #
#................ #
#...############# # #####


You could see a quokka.

Vanquished Creatures
  A dart slug (D:1)
  A ball python (D:1)
  A bat (D:1)
  4 endoplasms
  6 kobolds (D:1)
  3 quokkas
  A goblin (D:1)
  4 rats (D:1)
21 creatures vanquished.

Notes
Turn   | Place    | Note
-------+----------+-------------------------------------------
     0 | D:1      | browni3141 the Mummy Monk began the quest for the Orb.
     0 | D:1      | Reached XP level 1. HP: 18/18 MP: 1/1
   549 | D:1      | Reached XP level 2. HP: 21/24 MP: 2/2
  1362 | D:1      | Slain by a quokka

Illustrated notes

Levels and vault maps discovered:
D:1:      psy_arrival_whirlpool, layout_basic, kennysheep_pointless_box
D:2:      cheibrodos_old_hovel, layout_rooms, minmay_tromino_i4

Skill      XL: |  1 |
---------------+----+-----
Unarmed Combat | 3 |  3.4
Fighting       | |  3.0
Dodging        | |  2.4
Stealth        | |  1.5

Action                     || total
---------------------------++-------
  Melee: Unarmed           ||    86
         Punch             ||     4
   Stab: Sleeping          ||     2
  Dodge: Dodged            ||    54

Table legend: (Time is in decaauts)
 A = Elapsed time spent in this place.
 B = Non-inter-level travel time spent in this place.
 C = Inter-level travel time spent in this place.
 D = Time resting spent in this place.
 E = Time spent auto-exploring this place.
 F = Levels seen in this place.
 G = Mean time per level.
                   A        B        C        D        E       F      G
               +--------+--------+--------+--------+--------+-----+--------+
         Total |   1364 |   1287 |     77 |    194 |    641 |   2 |  682.0 |
       Dungeon |   1364 |   1287 |     77 |    194 |    641 |   2 |  682.0 |
               +--------+--------+--------+--------+--------+-----+--------+

Top non-repeatable levels by time:
     D:1: 1251 daAuts
     D:2: 112 daAuts
